Map: Romanticide LE

Players

rottenorange

  • Race: Zerg Zerg
  • Spawn Location: 11:00

itsDani - Winner!

  • Race: Zerg Zerg
  • League: Platinum
  • Spawn Location: 5:00

VOD

Have the link to the VOD?

Description

Time

  • Played on: Oct. 1, 2020, 12:29 p.m.
  • Length: 11:05
Show
View Real Time Build Order
Export as new Build Order

rottenorange Zerg 

Build Orders: Hatch First 

Get SALT Encoding   

  12  0:01  Drone  
  13  0:13  Overlord  
  13  0:20  Drone  
  14  0:32  Drone  
  14  0:33  Drone  
  16  0:54  Drone  
  17  0:58  Hatchery  
  17  0:59  Drone  
  17  1:03  Extractor  
  16  1:21  Drone x2, Spawning Pool  
  17  1:26  Drone  
  18  1:35  Drone  
  19  1:48  Overlord  
  19  1:55  Drone  
  20  2:09  Zergling x2  
  20  2:11  Queen  
  20  2:14  Queen  
  26  2:15  Zergling x2  
  26  2:25  Zergling x2  
  27  2:47  Drone x3  
  27  2:49  Overlord  
  27  2:50  Drone x2  
  32  3:08  Queen  
  32  3:10  Overlord  
  32  3:11  Drone  
  35  3:21  Drone  
  35  3:22  Roach Warren  
  35  3:31  Zergling x2  
  35  3:32  Zergling x2  
  35  3:33  Zergling x2  
  38  3:36  Drone x2  
  38  3:37  Drone  
  41  3:44  Overlord x3  
  41  4:02  Drone x3  
  44  4:03  Drone x2  
  46  4:16  Drone  
  47  4:17  Spine Crawler  
  46  4:28  Lair  
  46  4:43  Roach x4  
  46  4:44  Roach x6  
  66  4:48  Roach  
  66  4:50  Overlord  
  66  4:51  Overlord  
  68  4:59  Extractor  
  67  5:23  Roach  
  67  5:24  Roach x4  
  77  5:37  Extractor  
  77  5:39  Drone x2  
  77  5:40  Drone, Hatchery  
  77  5:41  Drone x2  
  80  6:05  Overlord x2  
  80  6:15  Overseer  
  80  6:22  Overseer  
  80  6:25  Roach x2  
  84  6:27  Roach x4  
  92  6:38  Hatchery  
  91  6:46  Glial Reconstitution  
  91  7:00  Overlord x3  
  91  7:02  Drone  
  91  7:05  Drone x3  
  89  7:23  Queen  
  89  7:26  Drone x3, Spine Crawler  
  89  7:28  Drone x2  
  95  7:30  Roach  
  95  7:31  Roach x2  
  101  7:43  Evolution Chamber  
  100  7:46  Evolution Chamber  
  75  8:09  Roach x7  
  75  8:10  Roach x5  
  79  8:26  Roach x3  
  79  8:27  Roach x7  
  99  8:39  Zerg Missile Weapons Level 1  
  81  8:53  Roach x3  
  79  9:03  Roach x2  
  79  9:04  Roach  
  85  9:19  Extractor  
  85  9:21  Drone x2  
  85  9:23  Roach x3  
  92  9:45  Queen  
  94  9:46  Roach x2  
  94  9:51  Roach  
  94  9:52  Roach x7  
  116  9:53  Roach x2  
  118  10:04  Drone x3  
  121  10:15  Extractor  
  121  10:19  Extractor  
  119  10:23  Roach x3  
Show
View Real Time Build Order
Export as new Build Order

itsDani Zerg - Winner!

Build Orders: Hatch First, Roach Hydra 

Get SALT Encoding   

  12  0:00  Drone  
  13  0:13  Overlord  
  13  0:18  Drone  
  14  0:31  Drone x2  
  16  0:48  Hatchery  
  15  0:56  Drone  
  15  0:57  Drone  
  17  0:58  Drone  
  18  1:11  Extractor  
  17  1:15  Spawning Pool  
  17  1:17  Drone  
  17  1:24  Drone  
  18  1:29  Drone  
  19  1:42  Overlord  
  19  1:56  Drone  
  20  2:02  Queen x2  
  20  2:05  Zergling x4  
  26  2:15  Metabolic Boost  
  26  2:22  Drone x2  
  28  2:34  Drone  
  28  2:35  Drone x3  
  32  2:43  Queen x2  
  36  2:53  Overlord x2  
  36  3:12  Drone x3  
  39  3:13  Drone  
  40  3:23  Hatchery  
  39  3:32  Drone x5  
  39  3:33  Drone x3  
  47  3:36  Extractor  
  47  3:37  Extractor  
  45  3:43  Overlord  
  45  3:50  Lair  
  45  3:56  Queen  
  45  3:59  Drone x3  
  45  4:01  Drone x2  
  52  4:03  Drone  
  52  4:04  Overlord  
  52  4:05  Overlord  
  53  4:22  Roach Warren  
  52  4:24  Evolution Chamber  
  51  4:32  Overlord x3  
  51  4:36  Zergling x6  
  51  4:37  Zergling x2  
  51  4:38  Drone x3  
  58  4:55  Drone  
  58  4:56  Drone x4  
  58  4:57  Zerg Missile Weapons Level 1  
  63  5:09  Roach x3  
  63  5:10  Overseer, Roach  
  70  5:23  Roach x6  
  70  5:24  Roach  
  84  5:42  Roach  
  88  5:43  Roach x3  
  88  5:44  Roach  
  88  5:45  Roach x5  
  104  5:50  Evolution Chamber  
  104  5:52  Glial Reconstitution  
  103  6:13  Overlord x4  
  103  6:14  Overlord x2  
  103  6:15  Drone x3  
  103  6:18  Extractor  
  105  6:19  Extractor  
  105  6:23  Extractor  
  105  6:25  Drone, Hydralisk Den  
  102  6:28  Drone x3  
  106  6:37  Drone x4  
  110  6:41  Drone  
  111  6:48  Drone x2  
  111  6:52  Zerg Missile Weapons Level 2  
  111  6:54  Zerg Ground Armor Level 1  
  113  7:01  Drone x4  
  115  7:02  Drone x3  
  119  7:18  Queen  
  121  7:29  Muscular Augments  
  121  7:32  Drone x2  
  121  7:33  Drone  
  121  7:35  Lurker Den  
  123  7:39  Roach x3, Hydralisk x3  
  123  7:40  Roach, Hydralisk x6  
  146  7:59  Hydralisk x5  
  146  8:00  Hydralisk  
  152  8:11  Hydralisk x3  
  154  8:26  Infestation Pit  
  153  8:28  Drone  
  154  8:40  Grooved Spines  
  143  9:28  Roach x3  
  143  9:29  Overlord x3, Roach  
  143  9:30  Overlord x2, Hatchery  
  150  9:34  Hive  
  150  10:06  Hydralisk x3  
  152  10:08  Roach x15  
Tags
 
Composition
Roach Hydra
League
Platinum
Matchup
ZvZ
Race
Zerg
Replay Pack
replays
Spawn Locations
Cross Positions
Add a new tag
Caveats
  • Supply blocks, unpowered buildings, or Contaminate may cause inaccurate times.
  • Supply counts are checked every 10 seconds.